 Dungeon Crawl Stone Soup version 0.20.1-1-g8b1a95d (webtiles) character file.

441 Brandom the Caller (level 7, 0/41 HPs)
             Began as a Tengu Summoner on Dec 20, 2017.
             Was an Initiate of Ru.
             Shot with an arrow by a centaur (10 damage)
             ... on level 5 of the Dungeon.
             The game lasted 00:21:11 (6414 turns).

Brandom the Caller (Tengu Summoner)                 Turns: 6414, Time: 00:21:11

Health: 0/41       AC:  3    Str:  8    XL:     7   Next: 2%
Magic:  3/13       EV: 13    Int: 18    God:    Ru [......]
Gold:   217        SH:  0    Dex: 18    Spells: 3/13 levels left

rFire    . . .     SeeInvis .   D - staff of wizardry
rCold    . . .     Gourm    .   (no shield)
rNeg     . . .     Faith    .   a - +0 robe
rPois    .         Spirit   .   (helmet restricted)
rElec    .         Reflect  .   (no cloak)
rCorr    .         Harm     .   m - +0 pair of gloves
MR       .....                  (boots unavailable)
Stlth    ++........             (no amulet)
Regen    0.2/turn               B - ring of wizardry
MPRegen  0.2/turn               u - +4 ring of dexterity

@: no status effects
A: beak, talons 3, able to fly 1
a: Fly, Renounce Religion


You were on level 5 of the Dungeon.
You worshipped Ru.
Ru was noncommittal.
You were not hungry.

You visited 2 branches of the dungeon, and saw 6 of its levels.

You collected 217 gold pieces.

Inventory:

Hand Weapons
 h - a +0 dagger
 y - a +0 halberd
Armour
 a - a +0 robe (worn)
 m - a +0 pair of gloves (worn)
Magical Staves
 D - an uncursed staff of wizardry (weapon)
Jewellery
 t - an uncursed ring of resist corrosion
 u - a +4 ring of dexterity (right hand)
 B - a ring of wizardry (left hand)
Wands
 F - a wand of polymorph (14/24)
Scrolls
 e - a scroll of enchant weapon {unknown}
 i - 2 scrolls of amnesia
 j - a scroll of magic mapping {unknown}
 k - a scroll of fog {unknown}
 o - a scroll of noise {unknown}
 s - a scroll of recharging {unknown}
 v - 2 scrolls of fear
 w - a scroll of teleportation {unknown}
 C - 5 scrolls of identify
 E - a scroll of immolation {unknown}
 G - a scroll of remove curse {unknown}
Potions
 d - 4 potions of resistance
 f - a potion of flight {unknown}
 l - a potion of lignification {unknown}
 n - a potion of ambrosia {unknown}
 p - 2 potions of cancellation {unknown}
 q - 3 potions of curing
 r - a potion of might {unknown}
 z - a potion of berserk rage {unknown}
 A - a potion of agility {unknown}
Books
 b - a book of Callings

   Spells                             Type                      Level
   a - Summon Small Mammal            Summoning                    1
   b - Call Imp                       Summoning                    2
   c - Call Canine Familiar           Summoning                    3
   d - Summon Guardian Golem          Hexes/Summoning              3
   e - Summon Lightning Spire         Summoning/Air                4
   f - Summon Ice Beast               Ice/Summoning                4
Comestibles
 c - 4 bread rations
 g - 7 fruits
 x - 2 royal jellies


   Skills:
 + Level 3.0 Fighting
 - Level 2.1 Dodging
 - Level 2.0 Stealth
 - Level 3.5 Spellcasting
 - Level 7.9 Summonings
 - Level 0.6 Air Magic


You had 3 spell levels left.
You knew the following spells:

 Your Spells              Type           Power        Failure   Level  Hunger
a - Summon Small Mammal   Summ           ####         1%          1    None
b - Call Imp              Summ           ####....     1%          2    ##.....
c - Call Canine Familiar  Summ           ####....     1%          3    ###....
d - Summon Lightning Spi  Summ/Air       ###.....     7%          4    ####...


Dungeon Overview and Level Annotations

Branches:
Dungeon (5/15)             Temple (1/1) D:4

Altars:
Ashenzari
Dithmenos
Elyvilon
Gozag
Kikubaaqudgha
Nemelex Xobeh
Qazlal
Ru
Sif Muna
Trog
Uskayaw
Vehumet
Xom
Yredelemnul
Zin


Innate Abilities, Weirdness & Mutations

You have a beak for a mouth.
You have claws for feet.
You can fly.


Message History

The centaur wields an uncursed shortbow.
The centaur shoots an arrow.
The arrow hits your lightning spire! The quokka bites you.
* * * LOW HITPOINT WARNING * * *
The centaur unwields an uncursed shortbow.
The centaur barely misses your lightning spire.
Casting: Summon Lightning Spire
Confirm with . or Enter, or press ? or * to list all spells.
The quokka barely misses you.
The centaur wields an uncursed shortbow.
The centaur shoots an arrow.
The arrow barely misses your lightning spire.
The arrow hits you!
* * * LOW HITPOINT WARNING * * *
The quokka bites you.
* * * LOW HITPOINT WARNING * * *
You feel better.
The centaur shoots an arrow.
The arrow completely misses your lightning spire.
The arrow hits you!
You die...

#.......# #.......#
.........%# #.......#
..........###.[.....#
#...................#
....................#
###........(......#
########..[.....#
#...(....# #....@8c.#
#.....r..#
#.....h....#
##########... ##


You could see a centaur, a quokka, a friendly lightning spire and a friendly
hound.

Vanquished Creatures
  An orc wizard (D:3)
  2 adders
  An adder skeleton (D:3)
  2 worms (D:3)
  4 dart slugs (D:1)
  2 leopard geckos (D:3)
  3 orcs (D:3)
  3 bats
  6 giant cockroaches
  16 goblins
  4 hobgoblins
  2 jackals (D:5)
  2 quokkas
  3 ball pythons
  3 frilled lizards
  4 kobolds
  6 rats
64 creatures vanquished.

Vanquished Creatures (collateral kills)
  A centaur (D:3)
  An ogre (D:3)
  A bullfrog (D:4)
  A crimson imp (D:5)
  An orc priest (D:4)
  A centaur skeleton (D:4)
  2 orc wizards
  3 gnolls (D:3)
  4 adders
  A river rat (D:3)
  A shadow imp (D:5)
  2 worms
  A leopard gecko (D:3)
  3 orcs (D:4)
  3 ball pythons
  A giant cockroach (D:5)
  A goblin (D:2)
  A hobgoblin (D:3)
  3 jackals (D:5)
  A quokka (D:4)
  2 frilled lizards
  A rat (D:1)
36 creatures vanquished.

Grand Total: 100 creatures vanquished

Notes
Turn   | Place    | Note
-------+----------+-------------------------------------------
     0 | D:1      | Brandom the Tengu Summoner began the quest for the Orb.
     0 | D:1      | Reached XP level 1. HP: 10/10 MP: 4/4
   156 | D:1      | Reached skill level 5 in Summonings
   296 | D:1      | Reached XP level 2. HP: 15/15 MP: 3/6
   327 | D:1      | Learned a level 2 spell: Call Imp
   956 | D:1      | Reached XP level 3. HP: 4/19 MP: 5/7
  1377 | D:2      | Reached skill level 6 in Summonings
  1490 | D:2      | Found an ancient bone altar of Kikubaaqudgha.
  1495 | D:2      | Learned a level 3 spell: Call Canine Familiar
  2492 | D:3      | Noticed an ogre
  2499 | D:3      | Killed an ogre
  2499 | D:3      | Reached XP level 4. HP: 21/24 MP: 1/8
  3099 | D:3      | Reached skill level 7 in Summonings
  3126 | D:3      | Gained mutation: You can fly. [Tengu growth]
  3126 | D:3      | Reached XP level 5. HP: 28/28 MP: 9/9
  3322 | D:3      | Noticed a centaur
  3332 | D:3      | Killed a centaur
  3652 | D:3      | Learned a level 4 spell: Summon Lightning Spire
  3697 | D:3      | Reached XP level 6. HP: 32/32 MP: 7/11
  5084 | D:4      | Reached skill level 1 in Fighting
  5645 | D:4      | Found a staircase to the Ecumenical Temple.
  5652 | Temple   | Entered the Ecumenical Temple
  5849 | Temple   | Became a worshipper of Ru the Awakened
  5924 | D:5      | Entered Level 5 of the Dungeon
  6194 | D:5      | Reached XP level 7. HP: 23/40 MP: 4/13
  6414 | D:5      | Shot with an arrow by a centaur

Skill      XL: |  1  2  3  4  5  6  7 |
---------------+----------------------+-----
Summonings     | 5 6 7 |  7.9
Spellcasting   | 3 |  3.5
Fighting       | 2 3 |  3.0
Dodging        | |  2.1
Stealth        | |  2.0
Air Magic      | |  0.6

Action                   |  1- 3 |  4- 6 |  7- 9 || total
-------------------------+-------+-------+-------++-------
Melee: Dagger            |   104 |   139 |       ||   243
       Kick              |    22 |    38 |     3 ||    63
       Peck              |    12 |    21 |     3 ||    36
       Unarmed           |     2 |       |       ||     2
       Staff             |       |    28 |    15 ||    43
 Cast: Summon Small Mamm |    18 |       |       ||    18
       Call Canine Famil |     5 |    10 |     1 ||    16
       Summon Lightning  |       |     5 |     3 ||     8
       Call Imp          |       |     3 |       ||     3
  Use: Scroll            |       |     4 |       ||     4
       Potion            |       |       |     1 ||     1
 Stab: Sleeping          |     2 |     9 |       ||    11
       Distracted        |       |     2 |       ||     2
  Eat: Chunk             |     4 |    12 |       ||    16
       Fruit             |       |     2 |       ||     2
       Bread ration      |       |       |     1 ||     1
Armor: Robe              |    11 |    30 |     4 ||    45
Dodge: Dodged            |    61 |   108 |    20 ||   189
